 Dungeon Crawl Stone Soup version 0.22-a0-109-gbeb7240 (webtiles) character file.

432 sankara the Conjurer (level 6, -2/50 HPs)
             Began as a Draconian Conjurer on Jan 26, 2018.
             Succumbed to a killer bee's poison
             ... on level 4 of the Dungeon.
             The game lasted 00:29:00 (5922 turns).

sankara the Conjurer (Draconian Conjurer)           Turns: 5922, Time: 00:29:01

Health: -2/50      AC:  6    Str: 11    XL:     6   Next: 67%
Magic:  2/11       EV: 13    Int: 17    God:
Gold:   100        SH:  0    Dex: 11    Spells: 4/12 levels left

rFire    + . .     SeeInvis .   a - +0 dagger
rCold    + . .     Gourm    .   (no shield)
rNeg     . . .     Faith    .   (armour unavailable)
rPois    .         Spirit   .   (helmet restricted)
rElec    .         Reflect  .   k - scarf {rC+ rF+}
rCorr    .         Harm     .   (no gloves)
MR       .....                  (no boots)
Stlth    ++........             (no amulet)
HPRegen  0.16/turn              (no ring)
MPRegen  0.12/turn              (no ring)

@: lethally poisoned (-2 -> -21), berserk cooldown, flying, slowed, very slow
A: unfitting armour, cold-blooded, AC +6
a: no special abilities


You were on level 4 of the Dungeon.
You were not hungry.

You visited 1 branch of the dungeon, and saw 4 of its levels.

You collected 100 gold pieces.

Inventory:

Hand Weapons
 a - a +0 dagger (weapon)
 p - a +1 short sword of holy wrath
Missiles
 g - 95 stones (quivered)
 i - a throwing net
Armour
 k - a scarf of resistance (worn)
Wands
 r - a wand of random effects (30)
Scrolls
 f - a scroll of fear
 l - a scroll of teleportation
 m - a scroll of blinking {unknown}
 n - 3 scrolls of identify {unknown}
 s - 2 scrolls of remove curse {unknown}
 t - a scroll of magic mapping {unknown}
Books
 e - a book of Conjurations

   Spells                             Type                      Level
   a - Magic Dart                     Conjuration                  1
   b - Searing Ray                    Conjuration                  2
   c - Dazzling Spray                 Conjuration/Hexes            3
   d - Fulminant Prism                Conjuration/Hexes            4
   e - Force Lance                    Conjuration/Translocation    4
   f - Iskenderun's Mystic Blast      Conjuration                  4
Comestibles
 b - 6 rations
 c - 2 chunks of flesh


   Skills:
 + Level 2.6 Fighting
 + Level 2.9 Dodging
 - Level 1.7 Stealth
 + Level 3.5 Spellcasting
 * Level 6.2 Conjurations


You had 4 spell levels left.
You knew the following spells:

 Your Spells              Type           Power        Failure   Level  Hunger
a - Magic Dart            Conj           ###.         1%          1    None
b - Dazzling Spray        Conj/Hex       ##....       14%         3    ###....
c - Iskenderun's Mystic   Conj           ###.....     12%         4    ####...


Dungeon Overview and Level Annotations

Branches:
Dungeon (4/15)
 Temple: D:4-7

Altars:
Cheibriados
Nemelex Xobeh
Ru
Yredelemnul
Zin


Innate Abilities, Weirdness & Mutations

Your plain brown scales are hard. (AC +6)
You cannot fit into any form of body armour.
You are cold-blooded and may be slowed by cold attacks.


Message History

* * * LOW HITPOINT WARNING * * *
The scorpion closely misses you. The killer bee stings you.
* * * LOW HITPOINT WARNING * * *
Casting: Dazzling Spray (safe; 14% risk of failure)
Confirm with . or Enter, or press ? or * to list all spells.
Aiming: Dazzling Spray (safe; 14% risk of failure)
Press: ? - help, Shift-Dir - straight line, p - killer bee
Okay, then.
Unknown command.
You aren't carrying any potions.
Casting: Dazzling Spray (safe; 14% risk of failure)
Confirm with . or Enter, or press ? or * to list all spells.
Aiming: Dazzling Spray (safe; 14% risk of failure)
Press: ? - help, Shift-Dir - straight line, f/p - killer bee
Aim: a killer bee The spray of energy hits the killer bee.
The killer bee is lightly wounded.
The killer bee is dazzled.
The spray of energy misses the scorpion.
You die...

#......# #....... #
...†$..#.
#.############.....#..
.
#>.....#.......###....
# #.............##
#(... ..(.....?......#
........y......#
.......@s......#
..%............#
...............#
#.............#.
#.....)#......y.
#.#############. .


You could see a scorpion (blind) and 2 killer bees.

Vanquished Creatures
  2 killer bees
  2 orc wizards (D:3)
  Jessica (D:3)
  Natasha (thrice) (D:3)
  4 gnolls
  5 adders
  2 oozes
  5 worms
  5 dart slugs
  4 orcs (D:3)
  4 giant cockroaches
  4 goblins
  8 hobgoblins
  10 jackals
  A ball python (D:2)
  5 bats
  4 frilled lizards
  4 kobolds
  9 rats
  A plant (D:3)
83 creatures vanquished.

Notes
Turn   | Place    | Note
-------+----------+-------------------------------------------
     0 | D:1      | sankara the Draconian Conjurer began the quest for the Orb.
     0 | D:1      | Reached XP level 1. HP: 14/14 MP: 3/3
   276 | D:1      | Reached XP level 2. HP: 18/20 MP: 0/5
  1150 | D:1      | Reached XP level 3. HP: 6/26 MP: 0/6
  1398 | D:1      | Learned a level 3 spell: Dazzling Spray
  2384 | D:2      | Reached skill level 5 in Conjurations
  2809 | D:2      | Reached XP level 4. HP: 33/33 MP: 4/8
  2989 | D:2      | Learned a level 4 spell: Iskenderun's Mystic Blast
  3088 | D:2      | Found a sparkling altar of Nemelex Xobeh.
  3401 | D:3      | Noticed Jessica
  3404 | D:3      | Killed Jessica
  3404 | D:3      | Reached skill level 1 in Fighting
  3646 | D:3      | Reached XP level 5. HP: 40/40 MP: 3/9
  4105 | D:3      | Found a sacrificial altar of Ru.
  4109 | D:3      | Found a glowing silver altar of Zin.
  4111 | D:3      | Found a basalt altar of Yredelemnul.
  4289 | D:3      | Noticed Natasha
  4293 | D:3      | Killed Natasha
  4435 | D:3      | Noticed Ijyb
  4733 | D:3      | Noticed Natasha
  4748 | D:3      | Killed Natasha
  4748 | D:3      | Reached XP level 6. HP: 24/48 MP: 0/11
  5146 | D:3      | Found a snail-covered altar of Cheibriados.
  5391 | D:3      | Noticed Natasha
  5399 | D:3      | Killed Natasha
  5399 | D:3      | Reached skill level 6 in Conjurations
  5921 | D:4      | HP: 2/50 [killer bee (6)]
  5922 | D:4      | Succumbed to a killer bee's poison

Vault maps used:
D:1:      dpeg_arrival_pits, serial_bayou_crossing
D:2:      nicolae_overflow_hidden_temple, first_ration
D:3:      kennysheep_slug_shrine, gammafunk_temple_overflow_forgotten,
          uniq_jessica, uniq_ijyb, uniq_natasha
D:4:      old_standard_altar

Skill      XL: |  1  2  3  4  5  6 |
---------------+-------------------+-----
Conjurations   | 5 6 |  6.2
Dodging        | 2 |  2.9
Fighting       | 1 2 |  2.6
Spellcasting   | 3 |  3.5
Stealth        | |  1.7

Action                   |  1- 3 |  4- 6 || total
-------------------------+-------+-------++-------
Melee: Unarmed           |     3 |       ||     3
       Dagger            |    46 |   190 ||   236
       Tailslap          |     8 |    38 ||    46
Throw: Stone             |     2 |       ||     2
 Cast: Magic Dart        |    99 |   131 ||   230
       Dazzling Spray    |     5 |     7 ||    12
       Iskenderun's Myst |       |     4 ||     4
  Use: Scroll            |       |     4 ||     4
       Potion            |       |     6 ||     6
 Stab: Invisible         |     2 |     2 ||     4
       Sleeping          |     1 |     1 ||     2
  Eat: Chunk             |     7 |    12 ||    19
Armor: Skin              |    16 |    19 ||    35
Dodge: Dodged            |    44 |    60 ||   104

Table legend:
 A = Spawn XP
 B = Non-spawn XP
 C = Spawn XP percentage of total XP
 D = Spawn monster count
 E = Non-spawn monster count
 F = Spawn count percentage of total count
 G = Total turns spent on level
                    A         B        C        D         E        F      G
               +---------+---------+-------+---------+---------+-------+---------
         Total |       0 |     618 |   0.0 |       0 |      82 |   0.0 |  5922
               +---------+---------+-------+---------+---------+-------+---------
           D:1 |       0 |      52 |   0.0 |       0 |      22 |   0.0 |  2054
           D:2 |       0 |     103 |   0.0 |       0 |      26 |   0.0 |  1616
           D:3 |       0 |     373 |   0.0 |       0 |      30 |   0.0 |  2172
           D:4 |       0 |      90 |   0.0 |       0 |       4 |   0.0 |    80
               +---------+---------+-------+---------+---------+-------+---------
